AoeStats
← FMarcoss

Arabia

508458433Analyzed
1v1 RM · 11d ago on Sep 22, 2026· 43m 36s· 2 players
Game mode
Random Map
Map size
Tiny (2 player)
Population
200
Speed
Normal
Resources
Standard
Victory
Conquest
Starting age
Dark Age
Ending age
Imperial Age
RankedLock teamsTeams togetherTeam positionsShared explorationLock speedFull tech treeHidden civsTurbo modeCheats
Victory
Defeat
🇵🇰 Wei · Pakistan
1860
+17
🇦🇷 Celts · Argentina
1879
-17
Original
6:07 Loom
8:41 Feudal Age
9:23 Double-Bit Axe
9:46 Horse Collar
14:38 Padded Archer Armor
16:58 Fletching
23:22 Castle Age
21:20 Gold Mining
21:32 Stone Mining
23:31 Elite Skirmisher
24:08 Bodkin Arrow
24:29 Leather Archer Armor
27:05 Bow Saw
30:31 Ballistics
35:26 Murder Holes
39:48 Imperial Age
37:54 Wheelbarrow
38:00 Scale Barding Armor
38:06 Forging
39:15 Chain Barding Armor
39:00 Heavy Plow
40:29 Gold Shaft Mining
41:17 Iron Casting
40:49 Husbandry
40:59 Bloodlines
42:10 Stone Shaft Mining
43:31 Blast Furnace
FMarcoss
6:34 Loom
9:05 Feudal Age
9:20 Man-at-Arms
9:53 Double-Bit Axe
13:57 Fletching
22:05 Castle Age
22:07 Crossbowman
22:43 Bodkin Arrow
22:59 Bow Saw
24:12 Ballistics
23:57 Padded Archer Armor
26:36 Gold Mining
29:25 Leather Archer Armor
33:26 Scale Barding Armor
36:35 Wheelbarrow
35:53 Stone Mining
41:18 Imperial Age
39:31 Scale Mail Armor
39:17 Arson
40:41 Chain Mail Armor
41:33 Forging
42:30 Stone Shaft Mining
43:13 Plate Mail Armor
44:44 Chemistry
Connection lost

Rejoining the realm…

Still unreachable

The connection could not be restored.

Session expired

The server has moved on; the page needs a fresh start.